 Dungeon Crawl Stone Soup version 0.29-a0-231-g945431f764 (webtiles) character file.

Game seed: 14725534514629594673

2004 pascalblue the Destroyer (level 9, -1/45 HPs)
             Began as a Deep Elf Conjurer on Feb 28, 2022.
             Was a Follower of Vehumet.
             Slain by a boulder beetle (12 damage)
             ... on level 7 of the Dungeon.
             The game lasted 00:31:31 (7817 turns).

pascalblue the Destroyer (Deep Elf Conjurer)        Turns: 7817, Time: 00:31:31

Health: -1/45      AC: 11    Str:  4    XL:     9   Next: 2%
Magic:  10/22      EV: 12    Int: 28    God:    Vehumet [*.....]
Gold:   352        SH:  0    Dex: 13    Spells: 4/23 levels left

rFire   . . .      SeeInvis +   s - +2 morningstar (holy)
rCold   . . .      Faith    .   (no shield)
rNeg    . . .      Spirit   .   a - +0 robe
rPois   .          Reflect  .   (no helmet)
rElec   .          Harm     .   b - +0 cloak
rCorr   .          Rampage  .   p - +0 pair of gloves
Will    .....                   w - +2 pair of boots
Stlth   ++........              (no amulet)
HPRegen 0.15/turn               u - ring of see invisible
MPRegen 0.18/turn               h - +4 ring of protection

@: no status effects
A: no striking features
a: Renounce Religion


You were on level 7 of the Dungeon.
You worshipped Vehumet.
Vehumet was aware of your devotion.
You visited 2 branches of the dungeon, and saw 8 of its levels.

You collected 352 gold pieces.

Inventory:

Hand Weapons
 d - a +1 dagger of flaming
 f - a +2 dagger of draining
 m - a +0 falchion of electrocution
 s - a +2 morningstar of holy wrath (weapon)
Missiles
 c - 257 stones
Armour
 a - a +0 robe (worn)
 b - a +0 cloak (worn)
 i - a +1 pair of boots
 p - a +0 pair of gloves (worn)
 w - a +2 pair of boots (worn)
Jewellery
 h - a +4 ring of protection (right hand)
 u - a ring of see invisible (left hand)
Wands
 v - a wand of acid (10)
 y - a wand of flame (13)
Scrolls
 e - a scroll of amnesia
 g - 3 scrolls of teleportation
 n - a scroll of vulnerability {unknown}
Potions
 j - 2 potions of heal wounds
 k - 4 potions of lignification
 l - 2 potions of brilliance {unknown}
 o - 2 potions of attraction {unknown}
 q - 3 potions of berserk rage
 r - a potion of might {unknown}
 t - 2 potions of curing
 x - 2 potions of flight {unknown}
 z - a potion of resistance {unknown}


   Skills:
 - Level 2.4 Dodging
 - Level 2.4 Stealth
 + Level 7.8 Spellcasting
 * Level 9.5 Conjurations
 + Level 6.2 Hexes
 - Level 2.3 Transmutations
 - Level 3.0 Air Magic
 - Level 3.0 Poison Magic


You had 4 spell levels left.
You knew the following spells:

 Your Spells              Type           Power      Damage    Failure   Level
a - Magic Dart            Conj           100%       1d8       1%          1
b - Passwall              Tmut/Erth      14%        N/A       4%          2
c - Searing Ray           Conj           100%       2d8       1%          2
d - Poisonous Vapours     Pois/Air       54%        N/A       2%          2
e - Fulminant Prism       Conj/Hex       26%        3d14      1%          4
f - Olgreb's Toxic Radia  Pois           27%        N/A       14%         4
g - Iskenderun's Mystic   Conj/Tloc      37%        2d9       7%          4

Your spell library contained the following spells:

 Spells                   Type           Power      Damage    Failure   Level
 Sandblast                Erth           20%        2d7       4%          1
 Sting                    Tmut/Pois      100%       1d8       1%          1
 Dazzling Flash           Conj/Hex       100%       N/A       1%          3
 Tukima's Dance           Hex            45%        N/A       1%          3
 Ensorcelled Hibernation  Hex/Ice        56%        N/A       2%          2
 Swiftness                Air            27%        N/A       4%          3
 Passage of Golubria      Tloc           10%        N/A       45%         4
 Yara's Violent Unravell  Hex/Tmut       17%        3d8       24%         5
 Spellforged Servitor     Conj/Summ      18%        N/A       99%         7
 Lehudib's Crystal Spear  Conj/Erth      18%        10d6      100%        8


Dungeon Overview and Level Annotations

Branches:
Dungeon (7/15)             Temple (1/1) D:5

Altars:
Ashenzari
Cheibriados
Dithmenos
Fedhas
Kikubaaqudgha
Makhleb
Nemelex Xobeh
Okawaru
Qazlal
Ru
Vehumet
Wu Jian
Xom
Yredelemnul

Shops:
D:6 *[:*=

Annotations:
D:3 2 transporters, Cecur's ghost, amateur FoFi


Message History

The searing ray hits the boulder beetle!
The boulder beetle is lightly wounded.
You finish channelling your searing ray.
The boulder beetle misses you.
Casting: Searing Ray (safe; 1% risk of failure)
Confirm with . or Enter, or press ? or * to list all spells.
Aiming: Searing Ray (safe; 1% risk of failure)
Press: ? - help, Shift-Dir - straight line, f/p - boulder beetle
Aim: a boulder beetle (lightly wounded, 100% to hit)
The searing ray hits the boulder beetle but does no damage.
The boulder beetle is lightly wounded. (Press . to maintain the ray.)
The boulder beetle closely misses you.
The searing ray hits the boulder beetle but does no damage.
The boulder beetle is lightly wounded.
The boulder beetle closely misses you.
The searing ray hits the boulder beetle but does no damage.
The boulder beetle is lightly wounded.
The boulder beetle closely misses you.
The searing ray hits the boulder beetle but does no damage.
The boulder beetle is lightly wounded.
You finish channelling your searing ray.
The boulder beetle barely misses you.
Casting: Searing Ray (safe; 1% risk of failure)
Confirm with . or Enter, or press ? or * to list all spells.
Aiming: Searing Ray (safe; 1% risk of failure)
Press: ? - help, Shift-Dir - straight line, f/p - boulder beetle
Aim: a boulder beetle (lightly wounded, 100% to hit)
The searing ray hits the boulder beetle but does no damage.
The boulder beetle is lightly wounded. (Press . to maintain the ray.)
The boulder beetle bites you!!
* * * LOW HITPOINT WARNING * * *
The searing ray hits the boulder beetle.
The boulder beetle is lightly wounded.
The boulder beetle misses you.
The searing ray hits the boulder beetle but does no damage.
The boulder beetle is lightly wounded.
The boulder beetle bites you!
You die...

##...## #.# ##.....##
#.# ##.......## ##.##
#.........####...####
+.........'.........#
#.........####...##.#
#.......## ##.###.#
##.....## #####.#
##...## #.@...# ##†##
#B##### #.# #. #.# #.
##.## #. ##...## #.
#>.)..#######.
##.[..........
##.########


You could see a boulder beetle.

Vanquished Creatures
  A wyvern (D:7)
  A steam dragon (D:6)
  A black bear (D:7)
  3 ogres
  A centaur (D:6)
  A phantom (D:4)
  A scorpion (D:5)
  A gnoll sergeant (D:6)
  A bullfrog (D:6)
  A necrophage (D:5)
  3 wights (D:7)
  3 killer bees (D:6)
  2 howler monkeys (D:7)
  A jelly (D:6)
  An orc priest (D:3)
  3 hounds
  A gnoll shaman (D:6)
  Terence (D:3)
  An iguana (D:5)
  Robin (D:2)
  12 gnolls
  4 adders
  9 river rats (D:6)
  3 ufetubi
  A worm (D:2)
  A dart slug (D:3)
  11 orcs
  4 ball pythons
  3 bats
  5 endoplasms
  5 giant cockroaches
  9 hobgoblins
  6 quokkas
  3 frilled lizards (D:2)
  19 goblins
  10 kobolds
  18 rats
152 creatures vanquished.

Notes
Turn   | Place    | Note
-------+----------+-------------------------------------------
     0 | D:1      | pascalblue the Deep Elf Conjurer began the quest for the
                  | Orb.
     0 | D:1      | Reached XP level 1. HP: 10/10 MP: 6/6
    11 | D:1      | Learned a level 1 spell: Sting
   254 | D:1      | Reached XP level 2. HP: 15/15 MP: 2/8
   323 | D:1      | Found a faded altar of an unknown god.
   770 | D:2      | Reached skill level 5 in Conjurations
   800 | D:2      | Reached XP level 3. HP: 19/19 MP: 3/10
   854 | D:2      | Learned a level 2 spell: Searing Ray
   857 | D:2      | Learned a level 2 spell: Poisonous Vapours
  1225 | D:2      | Learned a level 1 spell: Magic Dart
  1688 | D:3      | Found an ancient bone altar of Kikubaaqudgha.
  1704 | D:3      | Noticed Robin
  1977 | D:2      | Killed Robin
  2216 | D:2      | Reached skill level 1 in Poison Magic
  2216 | D:2      | Reached XP level 4. HP: 17/24 MP: 9/12
  2543 | D:3      | Got Sif Muna's Grimoire of Conjuration
  2570 | D:3      | Learned a level 4 spell: Fulminant Prism
  2588 | D:3      | Reached skill level 1 in Air Magic
  2866 | D:3      | Found a transporter.
  2868 | D:3      | Found a transporter.
  2868 | D:3      | Noticed Cecur's ghost (amateur FoFi)
  2973 | D:3      | Reached XP level 5. HP: 28/28 MP: 11/13
  3002 | D:3      | Reached skill level 1 in Transmutations
  3430 | D:3      | Noticed Terence
  3458 | D:3      | Killed Terence
  3459 | D:3      | Reached skill level 1 in Hexes
  3862 | D:4      | Noticed a phantom
  3875 | D:4      | Killed a phantom
  3876 | D:4      | Reached skill level 6 in Conjurations
  3876 | D:4      | Reached XP level 6. HP: 23/32 MP: 1/15
  4131 | D:4      | Found a basalt altar of Yredelemnul.
  4143 | D:4      | Found a shimmering altar of Xom.
  4423 | D:5      | Entered Level 5 of the Dungeon
  4478 | D:5      | Reached skill level 5 in Spellcasting
  4544 | D:5      | Reached XP level 7. HP: 32/36 MP: 10/16
  4612 | D:5      | Learned a level 4 spell: Olgreb's Toxic Radiance
  4757 | D:5      | Learned a level 2 spell: Passwall
  4786 | D:5      | Found a shadowy altar of Dithmenos.
  5342 | D:5      | Found a staircase to the Ecumenical Temple.
  5471 | D:5      | Reached skill level 7 in Conjurations
  5629 | Temple   | Entered the Ecumenical Temple
  5738 | Temple   | Became a worshipper of Vehumet
  5900 | D:6      | Found Koesmi Binn's Assorted Antiques.
  5912 | D:6      | Noticed a troll
  6025 | D:6      | Found Zeihitecemn's Armour Shoppe.
  6027 | D:6      | Noticed a steam dragon
  6038 | D:6      | Killed a steam dragon
  6187 | D:6      | Reached XP level 8. HP: 31/41 MP: 15/19
  6290 | D:6      | Reached skill level 8 in Conjurations
  6657 | D:6      | Found Dyrghom's Book Emporium.
  6794 | D:6      | Found Topteokh's General Store.
  6798 | D:6      | Found Ipnoivog's Jewellery Emporium.
  6935 | D:6      | Reached * piety under Vehumet
  6935 | D:6      | Offered knowledge of Sandblast by Vehumet.
  6936 | D:6      | Reached skill level 5 in Hexes
  7479 | D:7      | Reached skill level 9 in Conjurations
  7736 | D:7      | Reached XP level 9. HP: 39/45 MP: 14/22
  7741 | D:7      | Learned a level 4 spell: Iskenderun's Mystic Blast
  7806 | D:7      | Noticed a boulder beetle
  7817 | D:7      | Slain by a boulder beetle

Illustrated notes

Levels and vault maps discovered:
D:1:      lemuel_arrival_tunnels, layout_rooms,
          hellmonk_ecumenical_altar_run_dry, hangedman_glass_teeth,
          corexii_item_surrounded_by_moat
D:2:      layout_loops_ring, minmay_pentomino_u2
D:3:      corexii_shack_village, layout_basic, lemuel_tele_altar,
          gammafunk_ghost_mausoleum, uniq_robin, uniq_terence
D:4:      layout_cave_pools, mainiacjoe_overflow_big_doors
D:5:      layout_loops_cross, nicolae_dithmenos_the_darkroom, temple_hall
D:6:      layout_rooms, serial_shops, nicolae_shop_advertising_works
          [nicolae_subvault_shop_adworks], nicolae_stop_n_shop_2, shop, shop,
          shop, dk_rats_in_the_wall
D:7:      layout_loops_corners, serial_shops, kennysheep_mini_moat,
          gammafunk_ghost_hive, minmay_between
Temple:   regret_index_temple_generic_petals

Skill      XL: |  1  2  3  4  5  6  7  8 |
---------------+-------------------------+-----
Conjurations   | 5 6 7 9 |  9.5
Spellcasting   | 4 5 6 7 |  7.8
Poison Magic   | 1 2 3 |  3.0
Air Magic      | 1 2 3 |  3.0
Transmutations | 1 2 |  2.3
Hexes          | 1 2 4 6 |  6.2
Dodging        | |  2.4
Stealth        | |  2.4

Action                   |  1- 3 |  4- 6 |  7- 9 || total
-------------------------+-------+-------+-------++-------
Melee: Dagger            |     2 |       |       ||     2
       Morningstar       |       |       |    17 ||    17
 Cast: Magic Dart        |    65 |   101 |    66 ||   232
       Sting             |    10 |    13 |       ||    23
       Searing Ray       |     1 |     3 |    33 ||    37
       Poisonous Vapours |       |       |     4 ||     4
       Passwall          |       |       |     1 ||     1
  Use: Scroll            |     9 |     2 |     8 ||    19
       Potion            |       |     1 |     2 ||     3
Armor: Robe              |    13 |    13 |    22 ||    48
Dodge: Dodged            |    25 |    37 |    50 ||   112

Table legend: (Time is in decaauts)
 A = Elapsed time spent in this place.
 B = Non-inter-level travel time spent in this place.
 C = Inter-level travel time spent in this place.
 D = Time resting spent in this place.
 E = Time spent auto-exploring this place.
 F = Levels seen in this place.
 G = Mean time per level.
                   A        B        C        D        E       F      G
               +--------+--------+--------+--------+--------+-----+--------+
         Total |   7827 |   7558 |    269 |   1048 |   5395 |   8 |  978.4 |
       Dungeon |   7672 |   7449 |    223 |   1048 |   5298 |   7 | 1096.0 |
        Temple |    155 |    109 |     46 |      0 |     97 |   1 |  155.0 |
               +--------+--------+--------+--------+--------+-----+--------+

Top non-repeatable levels by time:
     D:2: 1616 daAuts
     D:6: 1580 daAuts
     D:3: 1405 daAuts
     D:5: 1262 daAuts
     D:1: 765 daAuts
     D:4: 638 daAuts
     D:7: 403 daAuts
  Temple: 155 daAuts
